 Dungeon Crawl Stone Soup version 0.29.1-15-g9cfb28693d (webtiles) character file.

Game seed: 11339706328412268017

98 javelincjr the Magician (level 4, -5/31 HPs)
             Began as a Demonspawn Hedge Wizard on Apr 3, 2023.
             Killed from afar by Natasha (9 damage)
             ... with a magic dart
             ... on level 2 of the Dungeon.
             The game lasted 00:06:10 (2441 turns).

javelincjr the Magician (Demonspawn Hedge Wizard)   Turns: 2441, Time: 00:06:10

Health: -5/31      AC:  5    Str: 13    XL:     4   Next: 44%
Magic:  0/9        EV: 13    Int: 15    God:
Gold:   89         SH:  0    Dex: 18    Spells: 8/9 levels left

rFire   + . .      SeeInvis .   a - +0 dagger
rCold   . . .      Faith    .   (no shield)
rNeg    . . .      Spirit   .   b - +0 robe
rPois   .          Reflect  .   c - +0 hat
rElec   .          Harm     .   (no cloak)
rCorr   .          Rampage  .   (no gloves)
Will    .....                   m - +0 pair of boots
Stlth   ++........              (no amulet)
HPRegen 0.10/turn               k - +6 ring of dexterity
MPRegen 0.11/turn               o - ring of protection from fire

@: no status effects
A: yellow scales 1
a: no special abilities


You were on level 2 of the Dungeon.
You visited 1 branch of the dungeon, and saw 2 of its levels.

You collected 89 gold pieces.

Inventory:

Hand Weapons
 a - a +0 dagger (weapon)
Armour
 b - a +0 robe (worn)
 c - a +0 hat (worn)
 m - a +0 pair of boots (worn)
Jewellery
 k - a +6 ring of dexterity (left hand)
 o - a ring of protection from fire (right hand)
Scrolls
 e - 3 scrolls of identify {unknown}
 f - 2 scrolls of teleportation {unknown}
 g - a scroll of vulnerability {unknown}
 i - a scroll of magic mapping {unknown}
 j - 2 scrolls of enchant weapon {unknown}
Potions
 d - 2 potions of magic
 h - a potion of curing {unknown}
 l - a potion of heal wounds {unknown}
 n - a potion of cancellation {unknown}


   Skills:
 * Level 0.8 Fighting
 + Level 0.4 Armour
 + Level 2.4 Dodging
 - Level 2.2 Stealth
 * Level 3.4 Spellcasting
 + Level 1.8 Conjurations
 + Level 1.6 Summonings
 + Level 1.4 Translocations


You had 8 spell levels left.
You knew the following spells:

 Your Spells              Type           Power      Damage    Failure   Level
a - Magic Dart            Conj           32%        1d4       9%          1

Your spell library contained the following spells:

 Spells                   Type           Power      Damage    Failure   Level
 Call Imp                 Summ           7%         N/A       14%         2
 Blink                    Tloc           14%        N/A       16%         2
 Slow                     Hex            8%         N/A       19%         1
 Conjure Flame            Conj/Fire      5%         6-21      36%         3
 Mephitic Cloud           Conj/Pois/Air  4%         N/A       41%         3


Dungeon Overview and Level Annotations

Branches:
Dungeon (2/15)

Altars:

Annotations:
D:2 Natasha


Innate Abilities, Weirdness & Mutations

You are partially covered in yellow scales. (AC +2)


Message History

You are too injured to fight recklessly!
You are too injured to fight recklessly!
You hit Natasha but do no damage.
Natasha is lightly wounded.
Natasha barely misses you.
Casting: Magic Dart (safe; 9% risk of failure)
Confirm with . or Enter, or press ? or * to list all spells.
Aiming: Magic Dart (safe; 9% risk of failure)
Press: ? - help, Shift-Dir - straight line, f/p - Natasha
Aim: Natasha (lightly wounded, 100% to hit)
The magic dart hits Natasha.
Natasha is moderately wounded.
Natasha closely misses you.
You barely miss Natasha.
Natasha is moderately wounded.
Natasha closely misses you.
You hit Natasha.
Natasha is moderately wounded.
Natasha misses you.
You hit Natasha but do no damage.
Natasha is moderately wounded.
Natasha mumbles some strange words.
Natasha shimmers violently.
Natasha casts a spell at you. The magic dart hits you.
You barely miss Natasha.
Natasha is moderately wounded.
Natasha closely misses you.
You closely miss Natasha.
Natasha is moderately wounded.
Natasha howls an incantation.
You feel troubled.
Natasha stares at you and mumbles some strange words.
The magic dart hits you!
* * * LOW HITPOINT WARNING * * *
You hit Natasha.
Natasha is severely wounded.
Natasha stares at you and mumbles some strange words.
The magic dart hits you!
You die...

.######..
.....
######...###
## .....#...
#.....###)
†###.#..
#####<##..
##......
#.....
##.#.#.# #
####..
##.#.#.#.#.#
###
.....#.....#
......#
#.#########
.#.##.#
#.....h@..####
....#.#
##.####......#
.#.#..#
#.#.##.#
....#.#
#.#.##.#
......#
#.#..).#
##..###
#.####.####
##.#
#.#.......#
#.#
#......##.#
#.#
###....##.#


You could see Natasha.

Vanquished Creatures
  Jessica (D:2)
  Natasha (D:2)
  2 worms (D:2)
  2 dart slugs
  3 bats
  4 endoplasms
  A giant cockroach (D:2)
  2 goblins
  3 hobgoblins
  8 ball pythons
  A frilled lizard (D:1)
  7 kobolds
  2 rats
37 creatures vanquished.

Notes
Turn   | Place    | Note
-------+----------+-------------------------------------------
     0 | D:1      | javelincjr the Demonspawn Hedge Wizard began the quest for
                  | the Orb.
     0 | D:1      | Reached XP level 1. HP: 13/13 MP: 4/4
   239 | D:1      | Reached skill level 1 in Translocations
   633 | D:1      | Gained mutation: You are partially covered in yellow
                  | scales. (AC +2) [demonic ancestry]
   633 | D:1      | Reached XP level 2. HP: 19/19 MP: 0/6
  1294 | D:2      | Found a faded altar of an unknown god.
  1415 | D:2      | Noticed Jessica
  1474 | D:2      | Killed Jessica
  1475 | D:2      | Reached XP level 3. HP: 24/24 MP: 0/7
  1910 | D:2      | Noticed Natasha
  1929 | D:2      | Killed Natasha
  1930 | D:2      | Reached XP level 4. HP: 7/31 MP: 3/9
  2426 | D:2      | Noticed Natasha
  2441 | D:2      | Killed from afar by Natasha

Illustrated notes

Levels and vault maps discovered:
D:1:      psy_arrival_terrarium, layout_loops_ring, fountainhead,
          minmay_circled_x
D:2:      layout_loops_cross, nicolae_ecumenical_oubliette, serial_shops, shop,
          uniq_natasha, uniq_jessica

Skill      XL: |  1  2 |
---------------+-------+-----
Translocations | 1 |  1.4
Stealth        | 2 |  2.2
Dodging        | 2 |  2.4
Fighting       | |  0.8
Armour         | |  0.4
Spellcasting   | |  3.4
Conjurations   | |  1.8
Summonings     | |  1.6

Action                   |  1- 3 |  4- 6 || total
-------------------------+-------+-------++-------
Melee: Dagger            |    30 |    23 ||    53
       Punch             |     1 |     1 ||     2
 Cast: Magic Dart        |    73 |    25 ||    98
 Stab: Sleeping          |     1 |       ||     1
Armor: Robe              |     5 |     5 ||    10
Dodge: Dodged            |    25 |    14 ||    39
